 Dungeon Crawl Stone Soup version 0.31.0-11-ge490571c62 (webtiles) character file.

Game seed: 1238723029926828638

51 qw the Shooter (level 3, -1/18 HPs)
             Began as a Spriggan Hunter on Feb 3, 2024.
             Slain by a goblin
             ... wielding a +0 club
             ... led by Robin
              (2 damage)
             ... on level 2 of the Dungeon.
             The game lasted 00:00:03 (533 turns).

qw the Shooter (Spriggan Hunter)                     Turns: 533, Time: 00:00:03

Health: -1/18      AC:  2    Str:  7    XL:     3   Next: 58%
Magic:  4/4        EV: 19    Int: 10    God:
Gold:   53         SH:  0    Dex: 20    Spells: 2/2 levels left

rFire   . . .        a - +1 shortbow
rCold   . . .        (shield currently unavailable)
rNeg    . . .        c - +0 robe
rPois   .            (helmet restricted)
rElec   .            (no cloak)
rCorr   .            (gloves unavailable)
SInv    +            (boots unavailable)
Will    .....        (no amulet)
Stlth   ++           (no ring)
HPRegen 0.23/turn    (no ring)
MPRegen 0.09/turn

%: no passive effects
@: very quick
A: very small, no large weapons, unfitting armour, see invisible, speed 3
a: no special abilities


You were on level 2 of the Dungeon.
You visited 1 branch of the dungeon, and saw 2 of its levels.

You collected 53 gold pieces.


Innate Abilities, Weirdness & Mutations

You are very small and have problems with some larger weapons.
You are too small for most types of armour.
You have supernaturally acute eyesight. (SInv)
You cover ground extremely quickly. (Speed+++)


   Skills:
 - Level 1.5 Fighting
 + Level 4.8 Ranged Weapons
 - Level 4.0 Dodging
 - Level 1.5 Stealth


You had 2 spell levels left.
You didn't know any spells.
Your spell library was empty.

Inventory:

Hand Weapons
 a - a +1 shortbow (weapon)
Armour
 c - a +0 robe (worn)
Jewellery
 b - a ring of fire
 h - a ring of ice
Potions
 d - a potion of enlightenment
 e - a potion of curing
 i - a potion of cancellation {unknown}
 j - a potion of invisibility {unknown}

Dungeon Overview and Level Annotations

Branches:
Dungeon (2/15)

Altars:

Annotations:
D:2 Robin


Message History

A ball python comes into view.
Robin of the Strong Arm comes into view.
They are wielding a +0 trident.
A hobgoblin comes into view.
You shoot an arrow. The hobgoblin shouts!
The ball python hisses angrily.
The arrow hits the goblin!
You kill the goblin!
You hear a shout!
A goblin comes into view. It is wielding a +0 club.
Robin roars a battlecry! x2
You shoot an arrow. The arrow hits the ball python!
You kill the ball python!
You shoot an arrow. The arrow hits the hobgoblin!
You kill the hobgoblin!
A hobgoblin comes into view.
Robin hits you from afar with a +0 trident!
You shoot an arrow. The arrow barely misses the goblin.
The hobgoblin shouts!
Robin closely misses you. The goblin completely misses you.
You shoot an arrow. The arrow completely misses the goblin.
The arrow hits the hobgoblin.
The hobgoblin is moderately wounded.
Robin hits you from afar with a +0 trident!
You shoot an arrow. The arrow closely misses the goblin.
You hear a shout!
A goblin comes into view. It is wielding a +0 club.
Robin misses you.
A goblin comes into view. It is wielding a +0 club.
The goblin closely misses you.
You shoot an arrow. The arrow hits the hobgoblin.
You kill the hobgoblin!
Robin throws the goblin at you! The goblin misses you.
The goblin completely misses you.
A hobgoblin comes into view.
The goblin closely misses you. The goblin misses you. Robin misses you.
You shoot an arrow. The arrow closely misses the goblin.
Robin completely misses you.
A goblin comes into view. It is wielding a +0 club.
The goblin hits you with a +0 club.
You die...

### g..
#.###
#.gg#####
#@....#
#...g.#.#
#g###.#.#
%g. #.#.#
##. #.#.#
#. #.#.#
# #.#.#
#.#)# #.#


You could see Robin, a hobgoblin and 4 goblins.

Vanquished Creatures
  An adder (D:2)
  A dart slug (D:2)
  An endoplasm (D:1)
  2 giant cockroaches
  2 goblins
  6 hobgoblins
  4 jackals (D:1)
  2 quokkas
  2 ball pythons
  4 bats (D:1)
  4 frilled lizards
  4 kobolds
  6 rats
39 creatures vanquished.

Notes
Turn   | Place    | Note
-------+----------+-------------------------------------------
     0 | D:1      | qw the Spriggan Hunter began the quest for the Orb.
     0 | D:1      | Reached XP level 1. HP: 10/10 MP: 2/2
     0 | D:1      | 0 ||| qw: Version: 0.3-a-157-g843a77d
     0 | D:1      | 0 ||| qw: Game counter: 4010
     0 | D:1      | 0 ||| qw: Melee chars always use a shield: true
     0 | D:1      | 0 ||| qw: God list: Okawaru
     0 | D:1      | 0 ||| qw: Allow faded altars: false
     0 | D:1      | 0 ||| qw: Do Orc after clearing Dungeon:15 true
     0 | D:1      | 0 ||| qw: Do second Lair branch before Depths: true
     0 | D:1      | 0 ||| qw: Lair rune preference: random
     0 | D:1      | 0 ||| qw: Goals: Normal
     0 | D:1      | 0 ||| PLANNING D:1-11
    16 | D:1      | Reached skill level 3 in Dodging
    47 | D:1      | Reached XP level 2. HP: 14/14 MP: 3/3
   337 | D:1      | 337 ||| READING 2 scrolls labelled ZISA VUAHAVVOSO.
   337 | D:1      | 337 ||| IDENTIFYING yellow potion
   338 | D:1      | 338 ||| READING scroll of identify.
   338 | D:1      | 338 ||| IDENTIFYING fizzy orange potion
   339 | D:1      | 339 ||| READING scroll labelled LOLOJUB DIRE.
   339 | D:1      | 339 ||| ENCHANTING +0 shortbow.
   340 | D:1      | 340 ||| DROPPING scroll of butterflies.
   443 | D:2      | Reached XP level 3. HP: 18/18 MP: 4/4
   525 | D:2      | Noticed Robin
   530 | D:2      | HP: 3/18 [Robin/+0 trident (8)]
   532 | D:2      | HP: 1/18 [Robin/goblin (3)]
   533 | D:2      | Slain by a goblin

Levels and vault maps discovered:
D:1:      wander_arrival_fairy_ring, layout_rooms
D:2:      layout_loops_ring, uniq_robin

Skill      XL: |  1  2 |
---------------+-------+-----
Dodging        | 3 4 |  4.0
Fighting       | |  1.5
Ranged Weapons | |  4.8
Stealth        | |  1.5

Action                     || total
---------------------------++-------
   Fire: Shortbow          ||    84
    Use: Scroll            ||     3
 Armour: Robe              ||    15
  Dodge: Dodged            ||    37

Table legend:
 A = Non-vault XP
 B = Vault XP
 C = Vault XP percentage of total XP
 D = Non-vault monster count
 E = Vault monster count
 F = Vault count percentage of total count
                 A         B        C        D         E       F
            +---------+---------+-------+---------+---------+-------
      Total |      62 |      12 |  16.2 |      33 |       6 |  15.4
            +---------+---------+-------+---------+---------+-------
        D:1 |      32 |       0 |   0.0 |      21 |       0 |   0.0
        D:2 |      30 |      12 |  28.6 |      12 |       6 |  33.3
            +---------+---------+-------+---------+---------+-------
